 Dungeon Crawl Stone Soup version 0.28-a0-194-g42b4daccc1 (webtiles) character file.

Game seed: 1543096918930647438

67 Spaninq the Bolt Thrower (level 4, 0/27 HPs)
             Began as a Kobold Hunter on Aug 18, 2021.
             Slain by Terence (5 damage)
             ... on level 2 of the Dungeon.
             The game lasted 00:04:56 (2509 turns).

Spaninq the Bolt Thrower (Kobold Hunter)            Turns: 2509, Time: 00:04:56

Health: 0/27       AC:  7    Str: 10    XL:     4   Next: 40%
Magic:  4/4        EV: 14    Int: 12    God:
Gold:   105        SH:  5    Dex: 15    Spells: 3/3 levels left

rFire   + . .      SeeInvis .   b - +0 short sword
rCold   + . .      Faith    .   (shield restricted)
rNeg    . . .      Spirit   .   c - +0 leather armour
rPois   +          Reflect  +   e - +0 helmet
rElec   +          Harm     .   (no cloak)
rCorr   +          Rampage  .   f - +2 pair of gloves
Will    .....                   (no boots)
Stlth   +++.......              k - amulet of reflection
HPRegen 0.09/turn               (no ring)
MPRegen 0.09/turn               (no ring)

@: resistant
A: small, no large weapons, nightstalker 3
a: no special abilities


You were on level 2 of the Dungeon.
You visited 1 branch of the dungeon, and saw 2 of its levels.

You collected 105 gold pieces.

Inventory:

Hand Weapons
 a - a +1 hand crossbow
 b - a +0 short sword (weapon)
Missiles
 d - 31 bolts
Armour
 c - a +0 leather armour (worn)
 e - a +0 helmet (worn)
 f - a +2 pair of gloves (worn)
Jewellery
 k - an amulet of reflection (around neck)
Scrolls
 h - a scroll of identify {unknown}
 l - a scroll of magic mapping {unknown}
 m - a scroll of teleportation {unknown}
 n - a scroll of fear {unknown}


   Skills:
 + Level 2.7 Fighting
 * Level 2.7 Short Blades
 - Level 4.8 Crossbows
 + Level 3.1 Dodging
 * Level 3.2 Stealth


You had 3 spell levels left.
You didn't know any spells.
Your spell library contained the following spells:

 Spells                   Type           Power      Damage    Failure   Level
 Apportation              Tloc           0%         N/A       41%         1
 Slow                     Hex            0%         N/A       56%         2
 Sublimation of Blood     Necr           0%         N/A       56%         2
 Call Canine Familiar     Summ           0%         N/A       80%         3
 Confusing Touch          Hex            0%         N/A       80%         3
 Portal Projectile        Hex/Tloc       0%         N/A       80%         3
 Vampiric Draining        Necr           0%         2d6       80%         3
 Leda's Liquefaction      Hex/Erth       0%         N/A       99%         4
 Petrify                  Tmut/Erth      0%         N/A       99%         4
 Irradiate                Conj/Tmut      0%         3d13      100%        5


Dungeon Overview and Level Annotations

Branches:
Dungeon (2/15)

Altars:

Annotations:
D:2 Terence


Innate Abilities, Weirdness & Mutations

You are small and have problems with some larger weapons.
You are completely attuned to the shadows.


Message History

You hit Terence.
Terence is almost dead.
Terence hits you with a +0 falchion.
You hit Terence but do no damage.
Terence is almost dead.
Terence barely misses you.
You hit Terence.
Terence is almost dead.
You block Terence's attack.
You closely miss Terence.
Terence is almost dead.
Terence hits you with a +0 falchion.
* * * LOW HITPOINT WARNING * * *
It was a potion of attraction.
You feel attractive to monsters. You block Terence's attack.
It was a potion of resistance.
You feel protected. Terence barely misses you.
It was a potion of magic.
Magic courses through your body. Terence barely misses you.
You hit Terence but do no damage.
Terence is almost dead.
Terence closely misses you.
You hit Terence.
Terence is almost dead.
You block Terence's attack.
You hit Terence but do no damage.
Terence is almost dead.
Terence hits you with a +0 falchion.
* * * LOW HITPOINT WARNING * * *
Terence asks, "Do you want it fast or slow?"
You feel less attractive to monsters.
Terence says, "Don't bother to defend, it's useless."
Terence closely misses you.
You see here a bat corpse.
You closely miss Terence.
Terence is almost dead.
Terence hits you with a +0 falchion.
You die...

##.).#### #.........#
##..### #.........# ...##
#.........# ####
#.........# ##.<.......#
##..†.......#
#†..........#
####.###########
#######.@@.#
########.....<.####
##........#######
.#.....†..# ######
..........###########....#
##...........†......#...†#
#...........######...(..#
#.......###.............#
#.......# ##########....#


You could see Terence.

Vanquished Creatures
  2 adders (D:2)
  A worm (D:2)
  7 bats
  3 endoplasms
  2 giant cockroaches (D:1)
  3 goblins
  4 hobgoblins
  3 jackals (D:1)
  6 kobolds
  3 quokkas (D:1)
  4 ball pythons
  2 frilled lizards (D:1)
  5 rats
45 creatures vanquished.

Notes
Turn   | Place    | Note
-------+----------+-------------------------------------------
     0 | D:1      | Spaninq the Kobold Hunter began the quest for the Orb.
     0 | D:1      | Reached XP level 1. HP: 12/12 MP: 1/1
   478 | D:1      | Found a faded altar of an unknown god.
   483 | D:1      | Got Plato's Reference Book on Displacement
   535 | D:1      | Reached skill level 1 in Short Blades
   535 | D:1      | Reached XP level 2. HP: 18/18 MP: 2/2
   736 | D:1      | Reached XP level 3. HP: 15/22 MP: 3/3
  2145 | D:2      | Reached XP level 4. HP: 23/27 MP: 4/4
  2410 | D:2      | Noticed Terence
  2466 | D:2      | HP: 1/27 [Terence (5)]
  2509 | D:2      | Slain by Terence

Illustrated notes

Levels and vault maps discovered:
D:1:      sevenhm_arrival_forest_fort_large_2, layout_loops_corners,
          shapermc_ecumenical_altar_rom_forum, minivault_5, hex_large
D:2:      layout_rooms, uniq_terence

Skill      XL: |  1  2  3 |
---------------+----------+-----
Short Blades   | 1 2 |  2.7
Stealth        | 2 3 |  3.2
Dodging        | 3 |  3.1
Fighting       | |  2.7
Crossbows      | |  4.8

Action                   |  1- 3 |  4- 6 || total
-------------------------+-------+-------++-------
Melee: Short sword       |   112 |    61 ||   173
 Fire: Hand crossbow     |    10 |       ||    10
  Use: Potion            |       |     3 ||     3
 Stab: Sleeping          |    13 |     5 ||    18
Armor: Leather armour    |    47 |    13 ||    60
Dodge: Dodged            |    64 |    33 ||    97
Block: Other             |     6 |    15 ||    21

Table legend: (Time is in decaauts)
 A = Elapsed time spent in this place.
 B = Non-inter-level travel time spent in this place.
 C = Inter-level travel time spent in this place.
 D = Time resting spent in this place.
 E = Time spent auto-exploring this place.
 F = Levels seen in this place.
 G = Mean time per level.
                   A        B        C        D        E       F      G
               +--------+--------+--------+--------+--------+-----+--------+
         Total |   2509 |   2462 |     47 |    487 |   1444 |   2 | 1254.5 |
       Dungeon |   2509 |   2462 |     47 |    487 |   1444 |   2 | 1254.5 |
               +--------+--------+--------+--------+--------+-----+--------+

Top non-repeatable levels by time:
     D:1: 1736 daAuts
     D:2: 773 daAuts
